 Dungeon Crawl Stone Soup version 0.22.0 (webtiles) character file.

857 Gergoth the Skirmisher (level 8, -3/63 (65) HPs)
             Began as a Formicid Fighter on Aug 11, 2018.
             Was a Follower of Sif Muna.
             Hit by a stone thrown by an orc warrior (8 damage)
             ... on level 6 of the Dungeon.
             The game lasted 00:06:57 (4497 turns).

Gergoth the Skirmisher (Formicid Fighter)           Turns: 4497, Time: 00:06:58

HP:   -3/63 (65)    AC:  8    Str: 22    XL:     8   Next: 22%
MP:   13/13         EV:  8    Int:  9    God:    Sif Muna [*.....]
Gold: 267           SH:  9    Dex: 10    Spells: 13/14 levels left

rFire    . . .     SeeInvis +   a - +0 war axe
rCold    . . .     Gourm    .   c - +0 shield
rNeg     . . .     Faith    .   b - +0 scale mail
rPois    .         Spirit   .   (helmet unavailable)
rElec    .         Reflect  .   (no cloak)
rCorr    .         Harm     .   (no gloves)
MR       .....                  r - +0 pair of boots
Stlth    ..........             (no amulet)
HPRegen  0.20/turn              (no ring)
MPRegen  0.13/turn              (no ring)

@: divine energy
A: permanent stasis, dig shafts and tunnels, four strong arms, antennae 3
a: Dig, Shaft Self, Stop Divine Energy, Renounce Religion


You were on level 6 of the Dungeon.
You worshipped Sif Muna.
Sif Muna was aware of your devotion.
You were hungry.

You visited 1 branch of the dungeon, and saw 6 of its levels.

You collected 267 gold pieces.

Inventory:

Hand Weapons
 a - a +0 war axe (weapon)
Missiles
 t - 6 poisoned tomahawks (quivered)
Armour
 b - a +0 scale mail (worn)
 c - a +0 shield (worn)
 r - a +0 pair of boots (worn)
Scrolls
 j - a scroll of immolation {unknown}
 k - 2 scrolls of identify {@r1}
 l - 2 scrolls of blinking {unknown}
 m - 2 scrolls of enchant armour
 o - 2 scrolls of noise {unknown}
 q - 3 scrolls of teleportation {unknown}
 u - a scroll of fear {unknown}
 w - a scroll of random uselessness {unknown}
Potions
 d - a potion of might
 e - a potion of curing
 g - a potion of flight
 h - 2 potions of mutation {unknown}
 i - 2 potions of lignification
 n - 3 potions of brilliance {unknown}
 p - a potion of experience {unknown}
 s - a potion of heal wounds {unknown}
 v - a potion of berserk rage {unknown}
Comestibles
 f - 6 rations


   Skills:
 - Level 6.5 Fighting
 + Level 5.7 Axes
 - Level 3.2 Armour
 - Level 3.6 Shields
 + Level 3.8 Spellcasting
 + Level 1.3 Translocations


You had 13 spell levels left.
You knew the following spells:

 Your Spells              Type           Power        Failure   Level  Hunger
a - Apportation           Tloc           #.....       80%         1    #......

Your spell library contained the following spells:

 Spells                   Type           Power        Failure   Level  Hunger
 Summon Small Mammal      Summ           #...         93%         1    #......
 Animate Skeleton         Necr           N/A          93%         1    #......
 Confusing Touch          Hex            #.....       93%         1    #......


Dungeon Overview and Level Annotations

Branches:
Dungeon (6/15)
 Temple: D:4-7

Altars:
Fedhas
Hepliaklqana
Kikubaaqudgha
Okawaru
Sif Muna
Uskayaw
Vehumet

Annotations:
D:3 Purgy


Innate Abilities, Weirdness & Mutations

You cannot be hasted, slowed, berserked, paralysed or teleported.
You can dig through walls and to a lower floor.
Your four strong arms can wield two-handed weapons with a shield.
You have a pair of large antennae on your head. (SInv)


Message History

You see here a stone.
The orc warrior throws a stone.
The stone barely misses you.
The orc priest casts a cantrip, but nothing happens.
The orc warrior throws a stone.
The stone hits you but does no damage.
The orc wizard casts a spell.
The orc wizard blinks!
You see here a stone.
You feel sick.
The orc warrior throws a stone.
The stone barely misses you.
You see here a stone.
The orc warrior throws a stone.
The stone hits you!
* * * LOW HITPOINT WARNING * * *
You see here 2 stones.
You feel sick.
The orc wizard mumbles some strange words.
The orc wizard blinks!
You feel sick.
You are no longer poisoned.
The orc warrior throws a stone.
The stone hits you!
You die...

#(# .#.) #.##..#.#.#.
#o#..#.... #...........
####(#..#...######.##..#.##..
#.......o................##..
####{#.o...........##..####.<
#(#.##...##.###.##..# #..
#.#.###..##.###.##..# #.#
#.#o###.......#.##... ....
#........@..#.#####.####.#
###.####............# #. #.#
######.#####.# #. #.# #.# #.
#.#########.# #...........#
############# {


You could see an orc warrior, an orc priest and an orc wizard.

Vanquished Creatures
  A wyvern (D:4)
  A phantom (D:5)
  A necrophage (D:6)
  A centaur (D:5)
  A bullfrog zombie (D:5)
  A crimson imp (D:5)
  An orc priest (D:5)
  2 bullfrog skeletons
  An iguana (D:4)
  3 worker ants
  An orc wizard (D:5)
  Terence (D:2)
  A killer bee zombie (D:5)
  A hound skeleton (D:5)
  Robin (D:2)
  3 adders
  A shadow imp (D:5)
  2 adder skeletons
  A worm (D:2)
  A dart slug (D:1)
  A leopard gecko (D:4)
  7 orcs
  2 ball pythons (D:2)
  A giant cockroach (D:1)
  16 goblins
  4 hobgoblins
  3 jackals (D:5)
  2 quokkas
  3 bats
  3 frilled lizards
  A jackal skeleton (D:6)
  3 kobolds
  4 rats
76 creatures vanquished.

Notes
Turn   | Place    | Note
-------+----------+-------------------------------------------
     0 | D:1      | Gergoth the Formicid Fighter began the quest for the Orb.
     0 | D:1      | Reached XP level 1. HP: 18/18 MP: 1/1
   222 | D:1      | Reached XP level 2. HP: 22/24 MP: 2/2
   668 | D:2      | Noticed Robin
   677 | D:2      | Reached XP level 3. HP: 30/30 MP: 3/3
   682 | D:2      | Killed Robin
   682 | D:2      | Reached skill level 4 in Fighting
   922 | D:2      | Noticed Terence
   936 | D:2      | Killed Terence
   936 | D:2      | Reached XP level 4. HP: 20/38 MP: 4/4
  1606 | D:2      | Found a faded altar of an unknown god.
  1636 | D:2      | Became a worshipper of Sif Muna the Loreminder
  1636 | D:2      | Reached * piety under Sif Muna
  2087 | D:3      | Noticed Purgy
  2415 | D:3      | Found an iron altar of Okawaru.
  2540 | D:4      | Reached XP level 5. HP: 41/43 MP: 5/5
  2699 | D:4      | Found a blossoming altar of Fedhas.
  2702 | D:4      | Found a deep blue altar of Sif Muna.
  2702 | D:4      | Found a hazy altar of Hepliaklqana.
  2703 | D:4      | Found an ancient bone altar of Kikubaaqudgha.
  2704 | D:4      | Found a hide-covered altar of Uskayaw.
  2777 | D:4      | Reached skill level 5 in Fighting
  3224 | D:4      | Noticed a wyvern
  3230 | D:4      | Killed a wyvern
  3230 | D:4      | Reached skill level 1 in Spellcasting
  3230 | D:4      | Reached XP level 6. HP: 33/52 MP: 5/8
  3461 | D:5      | Entered Level 5 of the Dungeon
  3471 | D:5      | Reached XP level 7. HP: 47/57 MP: 10/10
  3486 | D:5      | Reached skill level 6 in Fighting
  3497 | D:5      | Found a radiant altar of Vehumet.
  3505 | D:5      | Reached skill level 5 in Axes
  4179 | D:5      | Learned a level 1 spell: Apportation
  4265 | D:5      | Reached XP level 8. HP: 53/65 MP: 13/13
  4402 | D:6      | Reached skill level 1 in Translocations
  4497 | D:6      | Hit by a stone thrown by an orc warrior

Skill      XL: |  1  2  3  4  5  6  7  8 |
---------------+-------------------------+-----
Fighting       | 4 5 6 |  6.5
Axes           | 3 4 5 |  5.7
Spellcasting   | 1 2 3 |  3.8
Translocations | 1 |  1.3
Armour         | |  3.2
Shields        | |  3.6

Action                   |  1- 3 |  4- 6 |  7- 9 || total
-------------------------+-------+-------+-------++-------
Melee: War axe           |    83 |   101 |   125 ||   309
Invok: Divine Energy     |       |     1 |       ||     1
  Use: Scroll            |       |     4 |       ||     4
       Potion            |       |     1 |       ||     1
  Eat: Chunk             |       |     7 |     4 ||    11
Armor: Scale mail        |    38 |    46 |    54 ||   138
Dodge: Dodged            |    22 |    33 |    25 ||    80
Block: Shield            |    45 |    52 |    56 ||   153
